 Dungeon Crawl Stone Soup version 0.27-a0-1334-g2746e35aca (webtiles) character file.

Game seed: 15394436089776966400

252 octoduck the Ducker (level 6, -7/47 HPs)
             Began as a Djinni Fire Elementalist on June 26, 2021.
             Mangled by an iguana (15 damage)
             ... on level 6 of the Dungeon.
             The game lasted 00:23:08 (4940 turns).

octoduck the Ducker (Djinni Fire Elementalist)      Turns: 4940, Time: 00:23:09

Health: -7/47      AC:  3    Str:  7    XL:     6   Next: 36%
Gold:   153        EV: 14    Int: 18    God:
                   SH:  0    Dex: 20

rFire    + + .     SeeInvis .   m - +5 dagger
rCold    x . .     Faith    .   (no shield)
rNeg     . . .     Spirit   .   e - +0 leather armour
rPois    ∞         Reflect  .   (no helmet)
rElec    .         Harm     +   b - scarf {harm}
rCorr    .         Rampage  .   (no gloves)
Will     .....                  (boots unavailable)
Stlth    ++........             (no amulet)
HPRegen  0.15/turn              j - +6 ring of dexterity
MPRegen  0.00/turn              (no ring)

@: flying
A: sickness immunity, fire resistance 2, cold vulnerability 1, float, innate
caster, hp casting, extra vitality 1
a: no special abilities


You were on level 6 of the Dungeon.
You visited 2 branches of the dungeon, and saw 6 of its levels.

You collected 153 gold pieces.

Inventory:

Hand Weapons
 c - a +0 short sword
 m - a +5 dagger (weapon)
 q - a +0 hunting sling
 u - a +3 trident
Missiles
 h - 78 stones
Armour
 a - a +0 robe
 b - a scarf of harm (worn)
 e - a +0 leather armour (worn)
 i - +0 storm dragon scales
 k - a +0 ring mail
 r - a +2 chain mail of cold resistance
Jewellery
 j - a +6 ring of dexterity (left hand)
Wands
 d - a wand of iceblast (5)
Scrolls
 f - a scroll of summoning {unknown}
 g - a scroll of enchant armour
Potions
 l - a potion of attraction {unknown}
 n - 2 potions of mutation
 p - a potion of curing


   Skills:
 + Level 3.9 Fighting
 + Level 5.0 Dodging
 - Level 1.5 Stealth
 - Level 2.4 Spellcasting


You couldn't memorise any spells.
You knew the following spells:

 Your Spells              Type           Power      Damage    Failure   Level
a - Foxfire               Conj/Fire      44%        2x1d6     10%         1
b - Conjure Flame         Conj/Fire      11%        6-21      28%         3
c - Inner Flame           Hex/Fire       11%        N/A       28%         3
d - Sticky Flame          Conj/Fire      11%        2d3       67%         4
e - Fireball              Conj/Fire      5%         3d5       95%         5
f - Sandblast             Erth           22%        2d7       10%         1
g - Corpse Rot            Necr/Air       N/A        N/A       14%         2
Your spell library was empty.

Dungeon Overview and Level Annotations

Branches:
Dungeon (6/15)             Temple (1/1) D:6

Altars:
Ashenzari
Cheibriados
Dithmenos
Elyvilon
Gozag
Hepliaklqana
Kikubaaqudgha
Makhleb
Nemelex Xobeh
Okawaru
Qazlal
Ru
Sif Muna
Trog
Uskayaw
Vehumet
Xom
Yredelemnul
Zin
The Shining One

Annotations:
D:4 Eustachio


Innate Abilities, Weirdness & Mutations

You are immune to sickness and miasma.
You are immune to poison.
Your flesh is very heat resistant. (rF++)
You are vulnerable to cold. (rC-)
You float through the air rather than walking.
You learn spells naturally, not from books.
Your magical power is your life essence.
You have superior vitality. (+4 HP)


Message History

The foxfire hits the iguana.
The iguana is severely wounded.
The foxfire hits the iguana.
The iguana is almost dead.
The iguana bites you!
Unknown command.
Casting: Foxfire (safe; 10% risk of failure)
Confirm with . or Enter, or press ? or * to list all spells.
Aiming: Sandblast (safe; 10% risk of failure)
Press: ? - help, Shift-Dir - straight line, f/p - iguana
Aim: an iguana (almost dead, 82% to hit)
The blast of sand hits the iguana but does no damage.
The iguana is almost dead.
h - 80 stones The iguana closely misses you.
Your magical contamination has completely faded away.
Casting: Sandblast (safe; 10% risk of failure)
Confirm with . or Enter, or press ? or * to list all spells.
Aiming: Sandblast (safe; 10% risk of failure)
Press: ? - help, Shift-Dir - straight line, f/p - iguana
Aim: an iguana (almost dead, 82% to hit)
The blast of sand hits the iguana but does no damage.
The iguana is almost dead.
h - 79 stones The iguana bites you.
Your leather armour prevents you from hitting the iguana.
The iguana is almost dead.
The iguana bites you!
* * * LOW HITPOINT WARNING * * *
Casting: Sandblast (safe; 10% risk of failure)
Confirm with . or Enter, or press ? or * to list all spells.
Aiming: Sandblast (safe; 10% risk of failure)
Press: ? - help, Shift-Dir - straight line, f/p - iguana
Aim: an iguana (almost dead, 82% to hit)
The blast of sand hits the iguana but does no damage.
The iguana is almost dead.
h - 78 stones
* * * LOW HITPOINT WARNING * * *
The iguana bites you!
You die...

.. .# ..#
####..##
##..'...#
#...#...#
#...# .##
##l.# #
#@## # #.#
.#
##.##..#
###......#
#....#####
#....# ..#
##...##...
#.........
#.........


You could see an iguana.

Vanquished Creatures
  A jelly (D:2)
  A hound (D:2)
  An orc priest (D:2)
  An orc wizard (D:3)
  3 gnolls
  An ufetubus (D:4)
  A dart slug (D:1)
  13 orcs
  6 ball pythons
  8 bats
  4 endoplasms
  5 giant cockroaches
  7 goblins
  4 hobgoblins
  9 jackals (D:1)
  2 quokkas
  5 frilled lizards
  5 kobolds
  6 rats
83 creatures vanquished.

Vanquished Creatures (others)
  130 foxfires
  8 plants (D:1)
138 creatures vanquished.

Grand Total: 221 creatures vanquished

Notes
Turn   | Place    | Note
-------+----------+-------------------------------------------
     0 | D:1      | octoduck the Djinni Fire Elementalist began the quest for
                  | the Orb.
     0 | D:1      | Reached XP level 1. HP: 15/15 MP: 0/0
   328 | D:1      | Reached XP level 2. HP: 20/22 MP: 0/0
   336 | D:1      | Reached skill level 1 in Fighting
   534 | D:1      | Found a faded altar of an unknown god.
   941 | D:1      | Reached skill level 3 in Dodging
   941 | D:1      | Reached XP level 3. HP: 21/27 MP: 0/0
   941 | D:1      | Learned a level 1 spell: Sandblast
  1672 | D:1      | Reached XP level 4. HP: 33/33 MP: 0/0
  2551 | D:2      | Reached skill level 4 in Dodging
  2551 | D:2      | Reached XP level 5. HP: 37/40 MP: 0/0
  2551 | D:2      | Learned a level 2 spell: Corpse Rot
  3561 | D:3      | Found a glowing golden altar of the Shining One.
  4043 | D:3      | Reached XP level 6. HP: 42/46 MP: 0/0
  4439 | D:4      | Noticed Eustachio
  4636 | D:4      | Reached skill level 5 in Dodging
  4650 | D:4      | You are sucked into a shaft and drop 2 floors!
  4651 | D:6      | Noticed an ice beast
  4657 | D:6      | Noticed an orc warrior
  4666 | D:6      | Found a staircase to the Ecumenical Temple.
  4675 | Temple   | Entered the Ecumenical Temple
  4940 | D:6      | Mangled by an iguana

Illustrated notes

Levels and vault maps discovered:
D:1:      nagdon_arrival_zigzag_paths, layout_basic,
          ebering_ecumenical_altar_hall, serial_bayou_lagoon_a,
          minmay_misc_feat_rows
D:2:      layout_basic
D:3:      layout_basic, jmf_multi_god_temple
D:4:      layout_rooms, uniq_eustachio
D:6:      layout_gridville, temple_fountains, gup_sewer_entry_bubbles
Temple:   compressed_dpeg_circular_temple

Skill      XL: |  1  2  3  4  5  6 |
---------------+-------------------+-----
Fighting       | 1 2 3 |  3.9
Dodging        | 3 4 5 |  5.0
Stealth        | |  1.5
Spellcasting   | |  2.4

Action                   |  1- 3 |  4- 6 || total
-------------------------+-------+-------++-------
Melee: Short sword       |    55 |    31 ||    86
       Dagger            |       |    60 ||    60
Throw: Throwing net      |       |     2 ||     2
 Cast: Foxfire           |    37 |    45 ||    82
       Sandblast         |     2 |    15 ||    17
  Use: Scroll            |     1 |     8 ||     9
 Stab: Sleeping          |       |     2 ||     2
Armor: Robe              |     6 |       ||     6
       Leather armour    |     7 |    17 ||    24
Dodge: Dodged            |    63 |    92 ||   155

Table legend: (Time is in decaauts)
 A = Elapsed time spent in this place.
 B = Non-inter-level travel time spent in this place.
 C = Inter-level travel time spent in this place.
 D = Time resting spent in this place.
 E = Time spent auto-exploring this place.
 F = Levels seen in this place.
 G = Mean time per level.
                   A        B        C        D        E       F      G
               +--------+--------+--------+--------+--------+-----+--------+
         Total |   4948 |   4747 |    201 |   1128 |   2291 |   6 |  824.7 |
       Dungeon |   4831 |   4643 |    188 |   1117 |   2291 |   5 |  966.2 |
        Temple |    116 |    103 |     13 |     11 |      0 |   1 |  116.0 |
               +--------+--------+--------+--------+--------+-----+--------+

Top non-repeatable levels by time:
     D:1: 1944 daAuts
     D:3: 1449 daAuts
     D:2: 1135 daAuts
     D:6: 173 daAuts
     D:4: 128 daAuts
  Temple: 116 daAuts
